AoeStats
← 文風

African Clearing

510420215Analyzed
2v2 RM · 1d ago on Sep 30, 2026· 52m 38s· 4 players
Game mode
Random Map
Map size
Medium (4 player)
Population
200
Speed
Normal
Resources
Standard
Victory
Conquest
Starting age
Dark Age
Ending age
Imperial Age
RankedLock teamsTeams togetherTeam positionsShared explorationLock speedFull tech treeHidden civsTurbo modeCheats
Victory
Defeat
🇧🇷 Saxons · Brazil
1532
+14
🇧🇷 Persians · Brazil
1484
+16
🇨🇴 Persians · Colombia
1509
-15
🇭🇰 Khmer · Hong Kong SAR China
1480
-15
文風
9:38 Loom
11:57 Feudal Age
10:29 Loom
12:58 Double-Bit Axe
32:09 Castle Age
[IMGG] JuanCa
9:53 Loom
13:15 Feudal Age
16:54 Castle Age
14:46 Double-Bit Axe
15:21 Fishing Lines
17:39 Scale Barding Armor
17:54 Bow Saw
18:45 Chain Barding Armor
18:35 Gold Mining
19:30 Forging
19:54 Bloodlines
24:36 Husbandry
25:40 Forging
27:51 Iron Casting
30:10 Gillnets
31:44 Wheelbarrow
32:01 Stone Mining
32:47 Gold Shaft Mining
31:56 Horse Collar
33:17 Heavy Plow
34:28 Hand Cart
39:43 Imperial Age
37:05 Pikeman
37:46 Squires
38:45 Light Cavalry
39:29 Heavy Camel Rider
40:49 Plate Barding Armor
40:20 Cavalier
41:12 Halberdier
42:29 Capped Ram
43:11 Gambesons
42:47 Man-at-Arms
43:12 Arson
43:59 Long Swordsman
45:11 Conscription
45:51 Scale Mail Armor
46:52 Blast Furnace
46:37 Fletching
46:47 Padded Archer Armor
47:02 Chain Mail Armor
46:41 Fletching
46:52 Padded Archer Armor
47:21 Kamandaran
47:41 Crossbowman
49:53 Chemistry
49:35 Thumb Ring
49:15 Siege Ram
50:29 Ballistics
50:48 Bodkin Arrow
51:08 Leather Archer Armor
50:47 Savar
51:55 Siege Ram
NJ
4:43 Loom
11:39 Feudal Age
13:20 Loom
14:25 Fletching
26:43 Castle Age
30:33 Double-Bit Axe
32:17 Crossbowman
33:52 Bodkin Arrow
38:12 Wheelbarrow
44:00 Bow Saw
46:47 Ballistics
48:09 Thumb Ring
rick rush
10:49 Loom
12:43 Feudal Age
17:34 Castle Age
15:58 Forging
16:18 Scale Barding Armor
16:19 Double-Bit Axe
18:38 Bloodlines
18:48 Bow Saw
19:03 Husbandry
28:31 Iron Casting
30:18 Fletching
33:36 Wheelbarrow
36:13 Pikeman
37:14 Scale Mail Armor
38:15 Chain Mail Armor
39:58 Squires
42:26 Horse Collar
43:06 Hand Cart
44:24 Arson
47:38 Imperial Age
45:48 Bodkin Arrow
47:45 Kamandaran
47:17 Halberdier
48:33 Plate Mail Armor
49:07 Blast Furnace
49:04 Halberdier
51:18 Conscription
51:10 Citadels
50:43 Light Cavalry
51:45 Chain Barding Armor
51:34 Town Watch
51:50 Heavy Plow
52:55 Two-Man Saw
Connection lost

Rejoining the realm…

Still unreachable

The connection could not be restored.

Session expired

The server has moved on; the page needs a fresh start.